 Dungeon Crawl Stone Soup version 0.18.1-50-g88ac8fd (webtiles) character file.

159433 Gargoyl the Corrupter of Planes (level 17, 0/131 HPs)
             Began as a Demonspawn Abyssal Knight on Oct 29, 2016.
             Was the Champion of Lugonu.
             Slain by a demonic crawler (6 damage)
             ... on level 4 of the Spider Nest.
             The game lasted 01:18:14 (39143 turns).

Gargoyl the Corrupter of Planes (DsAK)             Turns: 39143, Time: 01:18:16

Health: 0/131      AC: 31    Str: 26    XL:     17   Next: 16%
Magic:  23/23      EV: 10    Int: 15    God:    Lugonu [******]
Gold:   2258       SH:  0    Dex: 14    Spells: 0 memorised, 16 levels left

rFire  + + +     SeeInvis .     q - +9 long sword of Tenacity {elec, rPois rF++ rC- Str+4}
rCold  . . .     Gourm    .     R - +6 plate armour {rC+}
rNeg   + . .     Faith    .     I - +2 shield of Sunlight {Str+2}
rPois  +         Spirit   .     y - +1 helmet of Fedhas's Condemnation {*Confuse rN+ Str+3}
rElec  .         Dismiss  .     i - +2 cloak
rCorr  .         Reflect  +     o - +2 pair of gloves
SustAt .         Harm     .     (boots unavailable)
MR     +....                    u - +4 amulet of reflection
Stlth  ..........               d - +5 ring of slaying
                                e - ring of poison resistance

@: confused, lethally poisoned (0 -> -29), somewhat resistant to hostile
enchantments, extremely unstealthy
A: talons 3, slimy green scales 2, deformed body, fire resistance 1, low mp 2,
spiny 3
a: Depart the Abyss, Bend Space, Banish, Corrupt, Enter the Abyss, Brand Weapon
With Distortion, Renounce Religion


You were on level 4 of the Spider Nest.
You worshipped Lugonu.
Lugonu was exalted by your worship.
You were not hungry.

You visited 4 branches of the dungeon, and saw 29 of its levels.
You visited the Abyss 1 time.
You also visited: Labyrinth and Sewer.

You collected 3695 gold pieces.
You spent 1437 gold pieces at shops.

Inventory:

Hand Weapons
 k - a +5 war axe of venom
 q - the +9 long sword of Tenacity (weapon) {elec, rPois rF++ rC- Str+4}
   (You found it on level 7 of the Dungeon)

   Occasionally, upon striking a foe, it will discharge some electrical energy
   and cause terrible harm.
   It affects your strength (+4).
   It greatly protects you from fire.
   It makes you vulnerable to cold.
   It protects you from poison.
 J - a +1 broad axe
 T - a +1 war axe of flaming
Missiles
 Q - 21 tomahawks (quivered)
Armour
 i - a +2 cloak (worn)
 o - a +2 pair of gloves (worn)
 y - the +1 helmet of Fedhas's Condemnation (worn) {*Confuse rN+ Str+3}
   (You found it on level 4 of the Dungeon)

   It affects your strength (+3).
   It protects you from negative energy.
   It may confuse you when you take damage.
 I - the +2 shield of Sunlight (worn) {Str+2}
   (You found it on level 12 of the Dungeon)

   It affects your strength (+2).
 R - a +6 plate armour of cold resistance (worn)
Jewellery
 d - a +5 ring of slaying (right hand)
 e - a ring of poison resistance (left hand)
 j - an uncursed ring of protection from magic
 u - a +4 amulet of reflection (around neck)
 x - an uncursed ring of protection from cold
 F - an uncursed amulet of regeneration
 U - an uncursed ring of protection from cold
Wands
 a - a wand of digging (3/24)
 s - a wand of iceblast (11/15)
 C - a wand of digging (16/24)
 H - a wand of teleportation (4/9)
 N - a wand of flame (20/48)
Scrolls
 b - 3 scrolls of fog
 n - 19 scrolls of remove curse
 p - 3 scrolls of fear
 r - 9 scrolls of recharging
 t - 5 scrolls of teleportation
 w - 2 scrolls of blinking
 B - 3 scrolls of identify
 L - 2 scrolls of magic mapping
Potions
 h - 4 potions of resistance
 l - 3 potions of magic
 m - 3 potions of haste
 v - 2 potions of flight
 z - 2 potions of invisibility
 D - 3 potions of cancellation
 G - 3 potions of agility
 K - 4 potions of brilliance
 M - 2 potions of might
 O - a potion of berserk rage
 Y - a potion of ambrosia
 Z - 8 potions of curing
Books
 V - a book of Fire

   Spells                             Type                      Level
   a - Ignite Poison                  Fire/Transmutation/Poison    3
   b - Fireball                       Conjuration/Fire             5
   c - Bolt of Fire                   Conjuration/Fire             6
   d - Delayed Fireball               Conjuration/Fire             7
   e - Ring of Flames                 Charms/Fire                  7
Comestibles
 c - 12 bread rations
 f - 13 slices of pizza
 g - 14 beef jerkies
 A - 11 meat rations
 E - a royal jelly
 S - a fruit
 W - 3 chunks of flesh


   Skills:
 + Level 11.1 Fighting
 + Level 9.8 Long Blades
 + Level 4.8 Axes
 + Level 0.3 Throwing
 * Level 16.0 Armour
 + Level 4.8 Dodging
 + Level 13.1 Shields
 * Level 17.6 Invocations
 + Level 0.6 Evocations


You had 16 spell levels left.
You didn't know any spells.

Dungeon Overview and Level Annotations

Branches:
Dungeon (15/15)              Lair (8/8) D:10         Shoals (0/4) Lair:4
 Spider (4/4) Lair:6        Slime (0/6) Lair:8          Orc (2/2) D:11
    Elf (0/3) Orc:2        Vaults (0/5) D:14         Depths (0/5) D:15
 Temple: D:4-7

Altars:
Cheibriados
Elyvilon
Kikubaaqudgha
Makhleb
Pakellas
Qazlal
Ru
Trog
Vehumet
The Shining One
Jiyva

Shops:
D:9 %   D:10 }   D:11 *   D:13 (   Orc:2 =:*[

Portals:
Hell: Lair:8

Annotations:
Abyss:1 Asterion


Innate Abilities, Weirdness & Mutations

You have claws for feet.
You are mostly covered in slimy green scales (AC +3).
Your flesh is heat resistant.
You are completely covered in sharp spines.
Armour fits poorly on your strangely shaped body.
Your magical capacity is very low (-20% MP).


Message History

You feel much better.
The wolf spider is struck by your spines.
You kill the wolf spider!
Lugonu accepts your kill.
The wolf spider is struck by your spines.
The wolf spider hits you.
* * * LOW HITPOINT WARNING * * *
The wolf spider bites you!
* * * LOW HITPOINT WARNING * * *
The spark wasp stings you.
* * * LOW HITPOINT WARNING * * *
The spark wasp shocks you!
* * * LOW HITPOINT WARNING * * *
The wolf spider barely misses you. The wolf spider bites you.
* * * LOW HITPOINT WARNING * * *
You are lethally poisoned!
The wolf spider poisons you!
The demonic crawler hits you but does no damage. x2
The demonic crawler hits you.
You die...

#.......^.#≈.#.#^#y....
#................≈.#
##.......†..#.y..†≈#
##.......#.^#.#^#....≈
##.s...###########...
###sy## .. ##yss# ≈
#.sy## ##s@# ####


You could see an emperor scorpion, a spark wasp, 2 demonic crawlers, a wolf
spider, a hornet, 2 orb spiders and a wasp.

Vanquished Creatures
  Arachne (Spider:2)
  Agnes (Spider:2)
  Kirke (Lair:5)
  An orc warlord (Orc:1)
  Wiglaf (Spider:3)
  A ghost moth (Spider:2)
  Aizul (Spider:3)
  Nessos (Lair:7)
  A spark wasp (Spider:3)
  2 dire elephants (Lair:8)
  The ghost of Kwzr the Basher, a journeyman DsFi of Ashenzari (Lair:8)
  An ettin (Orc:1)
  A minotaur (Lab)
  Josephine (Orc:1)
  2 entropy weavers
  A yaktaur captain (D:15)
  4 centaur warriors
  A hell beast (Lair:8)
  An ogre mage (D:10)
  4 orc high priests
  2 tengu warriors
  3 death yaks
  3 skeletal warriors
  6 unseen horrors
  8 wizards
  6 hill giants
  A necromancer (D:14)
  6 orc knights
  3 deep elf magi
  An oklob plant (Lair:7)
  5 orc sorcerers
  27 wolf spiders
  4 cyclopes
  11 orb spiders
  A hornet (Spider:3)
  12 elephants
  2 griffons
  An ugly thing (D:12)
  3 moths of wrath
  7 black mambas
  2 torpor snails
  Maurice (Orc:2)
  A gargoyle (D:14)
  A siren (Lair:4)
  19 spiny frogs
  Joseph (D:8)
  4 orange demons (Lair:8)
  7 komodo dragons
  A yaktaur (D:15)
  4 kobold demonologists
  2 rime drakes
  A hellwing (Lair:8)
  11 demonic crawlers
  An ice devil (Lair:8)
  4 red devils (Lair:8)
  A tengu conjurer (D:15)
  23 jumping spiders
  11 trolls
  A polar bear (Lair:3)
  A wolf spider simulacrum (D:14)
  A boulder beetle (D:7)
  15 slime creatures
  29 blink frogs
  A hornet zombie (D:15)
  A centaur simulacrum (D:14)
  50 redbacks
  A shadow (D:13)
  A spriggan (D:9)
  7 wyverns
  6 hogs (Lair:5)
  5 wraiths
  20 tarantellas
  6 basilisks
  41 yaks
  A basilisk (shapeshifter) (D:12)
  11 hippogriffs
  7 hungry ghosts
  10 vampire mosquitoes
  Edmund (D:5)
  3 wargs
  Menkaure (D:4)
  16 water moccasins
  A porcupine (shapeshifter) (D:15)
  A hell hound (Lair:8)
  10 porcupines
  11 ice beasts
  28 orc warriors
  2 wasps
  3 sky beasts
  2 eyes of draining
  16 ogres
  8 phantoms
  19 wolves
  20 centaurs
  26 crocodiles
  Blork the orc (D:5)
  3 big kobolds
  29 giant frogs
  2 earth elementals (D:11)
  A wyvern zombie (D:12)
  2 scorpions (D:8)
  6 killer bees
  10 wights
  2 electric eels
  3 howler monkeys
  7 crimson imps
  2 quasits
  16 orc priests
  5 centaur zombies
  5 hounds
  7 jellies
  4 centaur skeletons
  11 iguanas
  21 orc wizards
  2 hell rats (Lair:4)
  8 worker ants
  15 sheep
  2 hound zombies
  3 howler monkey zombies
  2 worker ant zombies
  7 gnolls
  42 river rats
  31 adders
  2 shadow imps
  4 worms
  2 dart slugs
  13 giant geckos
  69 orcs
  6 ball pythons
  9 giant cockroaches
  10 goblins
  11 hobgoblins
  14 jackals
  10 quokkas
  7 bats
  14 giant newts
  31 kobolds
  A quokka skeleton (D:4)
  22 rats
  A bush (Lair:7)
1093 creatures vanquished.

Vanquished Creatures (others)
  14 hydras
  An orange crystal statue (D:2)
  A hill giant (D:10)
  2 wizards (D:14)
  An orb spider (Spider:3)
  A komodo dragon (D:10)
  An orc warrior (Orc:2)
  An electric eel (D:10)
  An iguana (D:10)
  An orc (Orc:1)
  A giant newt (D:10)
  14 fungi
  6 plants
45 creatures vanquished.

Grand Total: 1138 creatures vanquished

Notes
Turn   | Place    | Note
--------------------------------------------------------------
     0 | Abyss:1  | Gargoyl the Demonspawn Abyssal Knight began the quest for the Orb.
     0 | Abyss:1  | Reached XP level 1. HP: 18/18 MP: 2/2
    54 | Abyss:4  | Noticed a starcursed mass
    82 | D:1      | Escaped the Abyss
   185 | D:1      | Reached * piety under Lugonu
   194 | D:1      | Gained mutation: You are partially covered in slimy green scales (AC +2). [demonic ancestry]
   194 | D:1      | Reached XP level 2. HP: 6/24 MP: 3/3
  1172 | D:2      | Gained mutation: You are partially covered in sharp spines. [demonic ancestry]
  1172 | D:2      | Reached XP level 3. HP: 17/29 MP: 4/4
  1566 | D:2      | Found a radiant altar of Vehumet.
  1570 | D:2      | Reached ** piety under Lugonu
  1572 | D:2      | Reached skill level 3 in Invocations
  1572 | D:2      | Reached XP level 4. HP: 32/37 MP: 6/6
  1905 | D:2      | Found an oddly glowing altar of Pakellas.
  1905 | D:2      | Noticed an orange crystal statue
  1906 | D:2      | Noticed a wyvern
  1922 | D:2      | Killed an orange crystal statue
  2053 | D:3      | Reached skill level 1 in Dodging
  2285 | D:3      | Found a glowing drain.
  2290 | Sewer    | Entered a sewer
  2297 | Sewer    | Gained mutation: You are mostly covered in sharp spines. [demonic ancestry]
  2297 | Sewer    | Reached XP level 5. HP: 42/42 MP: 7/7
  2627 | Sewer    | Reached *** piety under Lugonu
  2837 | D:3      | Noticed a phantom
  2858 | D:3      | Killed a phantom
  3142 | D:3      | Gained mutation: You have sharp toenails. [demonic ancestry]
  3142 | D:3      | Reached XP level 6. HP: 48/48 MP: 8/8
  3452 | D:4      | Noticed Menkaure
  3491 | D:4      | Killed Menkaure
  3491 | D:4      | Reached skill level 4 in Invocations
  3790 | D:4      | Got a warped helmet
  3791 | D:4      | Identified the +1 helmet of Fedhas's Condemnation {*Confuse rN+ Str+3} (You found it on level 4 of the Dungeon)
  4004 | D:4      | Found a sacrificial altar of Ru.
  4231 | D:4      | Reached skill level 5 in Armour
  4231 | D:4      | Reached XP level 7. HP: 55/55 MP: 10/10
  4254 | D:4      | Found a white marble altar of Elyvilon.
  4735 | D:5      | Entered Level 5 of the Dungeon
  4995 | D:5      | Reached **** piety under Lugonu
  5141 | D:5      | Noticed Edmund
  5157 | D:5      | Killed Edmund
  5266 | D:5      | Reached skill level 5 in Invocations
  5444 | D:5      | Found an ancient bone altar of Kikubaaqudgha.
  5455 | D:5      | Found a snail-covered altar of Cheibriados.
  5531 | D:5      | Gained mutation: You have razor-sharp toenails. [demonic ancestry]
  5531 | D:5      | Reached XP level 8. HP: 42/61 MP: 10/12
  5702 | D:5      | Noticed Blork the orc
  5709 | D:5      | Killed Blork the orc
  5709 | D:5      | Reached skill level 5 in Fighting
  6028 | D:6      | Found a stormy altar of Qazlal.
  6196 | D:6      | Noticed a troll
  6205 | D:6      | Killed a troll
  6205 | D:6      | Reached skill level 6 in Invocations
  6473 | D:6      | Gained mutation: You have claws for feet. [demonic ancestry]
  6473 | D:6      | Reached XP level 9. HP: 68/68 MP: 13/13
  7379 | D:7      | Reached ***** piety under Lugonu
  8088 | D:7      | Got a shimmering long sword
  8105 | D:7      | Identified the +9 long sword of Tenacity {elec, rPois rF++ rC- Str+4} (You found it on level 7 of the Dungeon)
  8178 | D:7      | Reached skill level 7 in Invocations
  8349 | D:7      | Reached skill level 10 in Armour
  8757 | D:8      | Reached skill level 1 in Shields
  8757 | D:8      | Gained mutation: You are completely covered in sharp spines. [demonic ancestry]
  8757 | D:8      | Reached XP level 10. HP: 72/76 MP: 15/15
  9016 | D:8      | Reached skill level 1 in Long Blades
  9130 | D:8      | Found a glowing golden altar of the Shining One.
  9413 | D:8      | Noticed Joseph
  9421 | D:8      | Killed Joseph
  9651 | D:9      | Noticed a hill giant
  9657 | D:9      | Killed a hill giant
  9657 | D:9      | Reached skill level 8 in Invocations
  9742 | D:9      | Found Qobb's Food Emporium.
 10229 | D:10     | Entered Level 10 of the Dungeon
 10357 | D:10     | Noticed a skeletal warrior
 10357 | D:10     | Noticed an ogre mage
 10358 | D:10     | Noticed a centaur warrior
 10358 | D:10     | Noticed a skeletal warrior
 10359 | D:10     | Noticed a tengu warrior
 10360 | D:10     | Noticed a centaur warrior
 10360 | D:10     | Noticed a cyclops
 10447 | D:10     | Found Cifirof's Gadget Boutique.
 10481 | D:10     | Identified a scroll of acquirement
 10501 | D:10     | Killed an ogre mage
 10501 | D:10     | Reached skill level 9 in Invocations
 10501 | D:10     | Gained mutation: Your flesh is heat resistant. [demonic ancestry]
 10501 | D:10     | Reached XP level 11. HP: 51/83 MP: 17/17
 10519 | D:10     | HP: 4/83 [crocodile (7)]
 10524 | D:10     | Found a staircase to the Lair.
 10673 | D:10     | Noticed a hill giant
 10681 | D:10     | Banished a hill giant
 11014 | D:10     | Killed a centaur warrior
 11170 | D:10     | Killed a centaur warrior
 11270 | D:10     | Reached skill level 10 in Invocations
 11565 | D:10     | Reached skill level 5 in Shields
 12095 | D:10     | Killed a skeletal warrior
 12287 | D:10     | Killed an unseen horror
 12342 | D:10     | Killed an unseen horror
 12440 | D:10     | Killed a tengu warrior
 12620 | D:10     | Killed an unseen horror
 12668 | D:10     | Got a smoking golden ring
 12675 | Lair:1   | Entered Level 1 of the Lair of Beasts
 12690 | Lair:1   | Reached XP level 12. HP: 91/91 MP: 20/20
 12704 | Lair:1   | Reached skill level 11 in Invocations
 13331 | Lair:1   | Identified the ring "Ropsutof" {*Tele rElec rF+ Dex+4} (You took it off a crimson imp on level 10 of the Dungeon)
 13449 | Lair:1   | Reached ****** piety under Lugonu
 13715 | Lair:2   | Found a labyrinth entrance.
 13731 | Lab      | Entered a labyrinth
 14969 | Lab      | Noticed a minotaur
 14979 | Lab      | Killed a minotaur
 15263 | Lab      | Identified Faageeto's Handbook of Clay
 15409 | Lair:2   | Noticed a five-headed hydra
 15412 | Lair:2   | Banished a five-headed hydra
 16013 | Lair:3   | Noticed a six-headed hydra
 16014 | Lair:3   | Banished a six-headed hydra
 16014 | Lair:3   | Reached skill level 12 in Invocations
 16212 | Lair:3   | Reached skill level 5 in Long Blades
 17072 | Lair:4   | Reached XP level 13. HP: 67/98 MP: 22/22
 17392 | Lair:4   | Found a staircase to the Shoals.
 17873 | Lair:5   | Noticed Kirke
 17883 | Lair:5   | Killed Kirke
 18170 | Lair:5   | Reached skill level 13 in Invocations
 19339 | Lair:6   | Found a hole to the Spider Nest.
 20055 | Lair:7   | Noticed Nessos
 20081 | Lair:7   | Killed Nessos
 20508 | Lair:7   | Reached XP level 14. HP: 91/108 MP: 24/24
 21590 | Lair:8   | Entered Level 8 of the Lair of Beasts
 21594 | Lair:8   | Reached skill level 14 in Invocations
 22090 | Lair:8   | Noticed Kwzr's ghost (journeyman DsFi)
 22129 | Lair:8   | Killed Kwzr's ghost
 23054 | Lair:8   | Found a burning altar of Makhleb.
 23077 | Lair:8   | Reached skill level 10 in Shields
 23562 | Lair:8   | Found a viscous altar of Jiyva.
 23581 | Lair:8   | Found a staircase to the Slime Pits.
 23860 | Lair:8   | Found a gateway to Hell.
 24367 | D:11     | Reached skill level 15 in Invocations
 24379 | D:11     | Found a staircase to the Orcish Mines.
 24432 | D:11     | Found Ably's Pet Rocks.
 25638 | D:12     | Got a crude shield
 25654 | D:12     | Identified the +2 shield of Sunlight {Str+2} (You found it on level 12 of the Dungeon)
 25886 | D:12     | Reached XP level 15. HP: 66/115 MP: 26/26
 27520 | D:13     | Found Ofust's Weapon Emporium.
 27923 | D:14     | Reached skill level 10 in Fighting
 28545 | D:14     | Found a gate to the Vaults.
 28645 | D:14     | Found a sacrificial altar of Ru.
 28738 | D:14     | You fall through a shaft!
 28738 | D:15     | Entered Level 15 of the Dungeon
 29073 | D:15     | Found a staircase to the Depths.
 29191 | D:15     | Reached skill level 16 in Invocations
 29247 | D:15     | Gained mutation: You have a pair of small antennae on your head. [mutagenic meat]
 29248 | D:15     | Lost mutation: You have a pair of small antennae on your head. [potion of cure mutation]
 29456 | D:15     | Reached skill level 15 in Armour
 30143 | Orc:1    | Entered Level 1 of the Orcish Mines
 30143 | Orc:1    | Found a bloodstained altar of Trog.
 30172 | Orc:1    | Gained mutation: You tend to lose your temper in combat. [a neqoxec]
 30173 | Orc:1    | Gained mutation: Potions and wands are less effective at restoring your health. [a neqoxec]
 30174 | Orc:1    | Gained mutation: You have a pair of small horns on your head. [a neqoxec]
 30351 | Orc:2    | Entered Level 2 of the Orcish Mines
 30351 | Orc:2    | Found a staircase to the Elven Halls.
 30351 | Orc:2    | Noticed Josephine
 30354 | Orc:2    | Noticed an orc warlord
 30364 | Orc:1    | Killed Josephine
 30733 | Orc:1    | Killed an orc warlord
 30754 | Orc:1    | Lost mutation: Potions and wands are less effective at restoring your health. [potion of cure mutation]
 30754 | Orc:1    | Lost mutation: You have a pair of small horns on your head. [potion of cure mutation]
 30754 | Orc:1    | Lost mutation: You tend to lose your temper in combat. [potion of cure mutation]
 31489 | Orc:2    | Noticed Maurice
 31502 | Orc:2    | Killed Maurice
 32130 | Orc:2    | Reached XP level 16. HP: 73/123 MP: 28/28
 33118 | Orc:2    | Found Xukaraz's Antique Armour Shoppe.
 33118 | Orc:2    | Found Feitu's Jewellery Shop.
 33121 | Orc:2    | Found Wiluu's Assorted Antiques.
 33121 | Orc:2    | Found Noguk's Book Shop.
 33132 | Orc:2    | Bought a +5 ring of slaying for 1137 gold pieces
 33132 | Orc:2    | Bought an uncursed amulet of regeneration for 300 gold pieces
 33734 | Spider:1 | Entered Level 1 of the Spider Nest
 34001 | Spider:1 | Found a frozen archway.
 35154 | Spider:2 | Noticed Arachne
 35179 | Spider:2 | Killed Arachne
 35367 | Spider:2 | Reached skill level 17 in Invocations
 35805 | Spider:2 | Noticed Agnes
 35812 | Spider:2 | Killed Agnes
 36813 | Spider:3 | Noticed Aizul
 36825 | Spider:3 | Noticed Wiglaf
 36833 | Spider:3 | Killed Aizul
 36844 | Spider:3 | HP: 4/125 [Wiglaf/broad axe (27)]
 36849 | Spider:3 | Killed Wiglaf
 37263 | Spider:3 | Got a bloodstained battleaxe
 37264 | Spider:3 | Identified the +12 battleaxe "Goblinbane" {chop, +Inv Dex+3 Stlth+} (You found it on level 3 of the Spider Nest)
 37459 | Spider:3 | Noticed Asterion
 37472 | Spider:3 | Banished Asterion
 38136 | Spider:3 | Gained mutation: You are mostly covered in slimy green scales (AC +3). [demonic ancestry]
 38136 | Spider:3 | Reached XP level 17. HP: 87/131 MP: 29/29
 38412 | Spider:4 | Entered Level 4 of the Spider Nest
 38953 | Spider:4 | Gained mutation: Armour fits poorly on your strangely shaped body. [potion of mutation]
 38953 | Spider:4 | Gained mutation: Your magical capacity is low (-10% MP). [potion of mutation]
 38953 | Spider:4 | Gained mutation: Your magical capacity is very low (-20% MP). [potion of mutation]
 39142 | Spider:4 | HP: 5/131 [spark wasp (12)]
 39143 | Spider:4 | Slain by a demonic crawler

Skill      XL: |  1  2  3  4  5  6  7  8  9 10 11 12 13 14 15 16 17 |
---------------+----------------------------------------------------+-----
Armour         | 2 3 4 5 6 8 10 11 12 13 14 15 16 | 16.0
Axes           | 2 3 4 |  4.8
Invocations    | 3 4 5 6 7 9 10 12 13 15 16 17 | 17.6
Dodging        | 1 2 3 4 |  4.8
Fighting       | 4 5 6 7 8 9 10 11 | 11.1
Shields        | 1 3 5 7 9 10 11 12 13 | 13.1
Long Blades    | 2 4 5 6 7 8 9 |  9.8
Throwing       | |  0.3
Evocations     | |  0.6

Action                   |  1- 3 |  4- 6 |  7- 9 | 10-12 | 13-15 | 16-18 || total
-------------------------+-------+-------+-------+-------+-------+-------++-------
Melee: Hand axe          |   139 |   119 |   198 |       |       |       ||   456
       Kick              |       |     8 |    70 |   167 |   509 |   196 ||   950
       Long sword        |       |       |    52 |   492 |  1287 |   511 ||  2342
       Headbutt          |       |       |       |       |     4 |       ||     4
Throw: Tomahawk          |       |       |       |     5 |     1 |       ||     6
Invok: Depart the Abyss  |     1 |       |       |       |       |       ||     1
       Banish            |       |       |       |     8 |    25 |     2 ||    35
Evoke: Wand              |       |       |     2 |       |     1 |       ||     3
  Use: Scroll            |       |     6 |     8 |    17 |    21 |    12 ||    64
       Potion            |       |     1 |     9 |     7 |     7 |     6 ||    30
  Eat: Chunk             |     2 |     9 |     8 |    24 |    48 |    14 ||   105
       Bread ration      |       |       |     1 |     2 |     1 |     2 ||     6
       Meat ration       |       |       |     1 |       |       |       ||     1
       Fruit             |       |       |       |       |     9 |     1 ||    10
Armor: Plate armour      |   154 |    87 |   247 |   331 |   744 |   556 ||  2119
Dodge: Dodged            |    30 |    25 |    99 |    75 |   316 |   252 ||   797
Block: Large shield      |       |       |    63 |   548 |   881 |       ||  1492
       Shield            |       |       |       |       |   514 |   896 ||  1410
       Reflection        |       |       |       |       |     5 |     2 ||     7
